 Dungeon Crawl Stone Soup version 0.32-a0-558-g233958a (webtiles) character file.

Game seed: 3196011653783621446

7580 sdynet the Reanimator (level 10, -4/102 HPs)
             Began as a Demonspawn Chaos Knight on Feb 29, 2024.
             Was a Plaything of Xom.
             Slain by an orc warrior
             ... wielding a +0 glaive
              (10 damage)
             ... on level 1 of the Orcish Mines.
             The game lasted 00:28:29 (9524 turns).

sdynet the Reanimator (Demonspawn Chaos Knight)     Turns: 9524, Time: 00:28:30

Health: -4/102     AC: 25    Str: 16    XL:     10   Next: 97%
Magic:  23/23      EV:  2    Int: 16    God:    Xom [....*.]
Gold:   145        SH:  0    Dex: 12    Spells: 23/27 levels left

rFire   + . .        a - +4 demon blade (elec)
rCold   . . .        (no shield)
rNeg    . . .        B - melded +2 robe {Will+}
rPois   +            w - melded +2 hat
rElec   .            f - melded +0 cloak
rCorr   .            p - melded +1 pair of gloves {hurl}
SInv    +            D - melded +1 pair of boots "Iggekle" {rElec rF+}
Will    .....        m - amulet of the acrobat
Stlth   ++           r - ring of see invisible
HPRegen 0.37/turn    y - ring of protection from fire
MPRegen 0.18/turn

%: acrobat
@: brilliant, tree-form (expiring), weak-willed, animating dead, wreathed by
umbra
A: stationary, stasis, torment immunity, boosted hp, (hooves 1), foul stench 1,
(sturdy frame 2), foul shadow 1, (horns 1), (cold resistance 1), frail 1, sense
surroundings 1, (poison resistance), (electricity resistance), strong 1,
evolution 1
a: Renounce Religion


You were on level 1 of the Orcish Mines.
You worshipped Xom.
You were a beloved toy of Xom.
You were a tree.
You visited 3 branches of the dungeon, and saw 11 of its levels.

You collected 702 gold pieces.
You spent 557 gold pieces at shops.

Inventory:

Hand Weapons
 a - a +4 demon blade of electrocution (weapon)
Missiles
 q - a throwing net
 Z - 20 poisoned darts (quivered)
Armour
 b - the +3 leather armour of Ennui {Harm rC+}
   (You found it on level 6 of the Dungeon)

   rC+:       It protects you from cold.
   Harm:      It increases damage dealt and taken.
 f - a +0 cloak (melded)
 k - a +0 plate armour
 p - a +1 pair of gloves of hurling (melded)
 w - a +2 hat (melded)
 B - a +2 robe of willpower (melded)
 D - the +1 pair of boots "Iggekle" (melded) {rElec rF+}
   (You bought it in a shop on level 4 of the Dungeon)

   rF+:       It protects you from fire.
   rElec:     It insulates you from electricity.
Jewellery
 m - an amulet of the acrobat (around neck)
 r - a ring of see invisible (left branch)
 y - a ring of protection from fire (right branch)
Talismans
 g - a beast talisman
 l - a granite talisman
 t - a maw talisman
Wands
 C - a wand of warping (7)
 G - a wand of light (3)
Scrolls
 e - 2 scrolls of revelation {!r}
 i - a scroll of blinking
 n - 2 scrolls of teleportation {!r}
 s - 2 scrolls of fog {!r}
 u - 2 scrolls of vulnerability
Potions
 c - 4 potions of haste {!q}
 j - a potion of brilliance {!q}
 z - a potion of might {!q}
 A - a potion of enlightenment {!q!q}
 E - a potion of resistance {!q}


   Skills:
 - Level 6.0 Fighting
 - Level 9.0 Long Blades
 - Level 1.0 Throwing
 - Level 2.0 Armour
 - Level 1.0 Dodging
 - Level 1.0 Stealth
 - Level 9.0 Spellcasting
 + Level 9.0 Necromancy
 - Level 2.0 Shapeshifting


You had 23 spell levels left.
You knew the following spells:

 Your Spells              Type           Power      Damage    Failure   Level
a - Animate Dead          Necr           52%        N/A       2%          4

Your spell library contained the following spells:

 Spells                   Type           Power      Damage    Failure   Level
 Magic Dart               Conj           40%        1d5       10%         1
 Summon Small Mammal      Summ           40%        N/A       10%         1
 Blink                    Tloc           20%        N/A       16%         2
 Call Imp                 Summ           20%        N/A       16%         2
 Jinxbite                 Hex            20%        N/A       16%         2
 Call Canine Familiar     Summ           10%        N/A       30%         3
 Sigil of Binding         Hex            10%        N/A       30%         3
 Dimensional Bullseye     Hex/Tloc       5%         N/A       69%         4
 Ignite Poison            Fire/Alch      10%        N/A       69%         4
 Sticky Flame             Fire/Alch      10%        2d5       69%         4
 Summon Blazeheart Golem  Fire/Summ      10%        N/A       69%         4
 Yara's Violent Unravell  Hex/Alch       5%         3d4       95%         5
 Enfeeble                 Hex            5%         N/A       100%        7
 Haunt                    Necr/Summ      16%        N/A       100%        7
 Ignition                 Fire           5%         3d4       100%        8
 Infestation              Necr           26%        N/A       100%        8


Dungeon Overview and Level Annotations

Branches:
Dungeon (9/15)             Temple (1/1) D:5             Orc (1/2) D:9
   Lair: D:8-11

Altars:
Ashenzari
Cheibriados
Dithmenos
Fedhas
Gozag
Hepliaklqana
Kikubaaqudgha
Makhleb
Okawaru
Qazlal
Ru
Sif Muna
Trog
Uskayaw
Vehumet
Wu Jian
Xom
Yredelemnul

Shops:
D:4 [*![   Orc:1 (

Annotations:
Orc:1 Maurice


Innate Abilities, Weirdness & Mutations

You are a tree.
Your roots penetrate the ground, keeping you stationary.
You cannot be teleported.
You are immune to unholy pain and torment.
Your maximum health is greatly increased.
Your equipment is partially melded.
((You have large cloven feet.))
You may rarely emit foul miasma when damaged in melee.
((Your movements are less encumbered by armour. (ER -4)))
You are faintly shadowed, very rarely releasing foul flame when damaged in melee.
((You have a pair of small horns on your head.))
((Your flesh is cold resistant. (rC+)))
You are frail. (-10% HP)
You passively map a small area around you.
((Your system is resistant to poisons. (rPois)))
((You are resistant to electric shocks. (rElec)))
Your muscles are strong. (Str +4, Int/Dex -1)
You have hidden genetic potential.


Message History

Your Long Blades skill increases to level 9!
You need to enable at least one skill for training.
Aiming: Bolt of Light
Press: ? - help, Shift-Dir - straight line, f - orc priest, p - orc warrior
Aim: an orc priest, wielding a +0 mace and wearing a +0 scale mail (unable to see you, 75% to hit)
The bolt of light hits Maurice!
Maurice is moderately wounded.
Maurice is blinded.
The bolt of light misses the orc priest.
You flicker back into view.
The orc warrior shouts!
The orc wizard shouts!
You are now a beloved toy of Xom.
Maurice gestures wildly while chanting.
Maurice blinks!
The orc priest hits your orc priest zombie with a +0 mace!
Your orc priest zombie is destroyed!
Your orc priest zombie barely misses Maurice.
Aiming: Bolt of Light
Press: ? - help, Shift-Dir - straight line, p - orc priest The bolt of light hits the orc!
You kill the orc!
The bolt of light hits the orc warrior!
The orc warrior is heavily wounded.
The orc warrior is blinded.
The dead are walking!
The orc warrior looks more healthy.
Maurice zaps a wand.
Your mind is blasted!
* * * LOW HITPOINT WARNING * * *
The orc wizard casts a spell.
The orc wizard flickers and vanishes for a moment.
Unknown command.
Okay, then.
Okay, then.
Okay, then.
You catch the helpless Maurice completely off-guard!
You hit Maurice. Lightning courses through Maurice!
Maurice is heavily wounded.
Your orc priest zombie misses Maurice.
The orc priest closely misses your orc warrior zombie.
The orc warrior hits you from afar with a +0 glaive!
You die...
Xom bursts into laughter!

.##.## ,* ...
.. , * ......
, ,* .....#* ,
, ..#.)#.####
, .
..o[.Z#.###
#.∩.#ZZf)...##
*
...o.Z)♣.....#
,
>.#..o.))....#
* ,,
.....Zo...#.##
, ..........#
# ...........*
* ,
..o...#.#.##
..........# ,
, ......$....
*, ,


You could see Maurice (blind, unable to see you), an orc warrior (blind, unable
to see you, ally target), 2 orc priests, 2 orc wizards, a friendly orc zombie, 2
friendly orc warrior zombies, a friendly orc priest zombie and a friendly troll
zombie.

Vanquished Creatures
  The ghost of Mumonspawn the Ruffian, a novice DrBe of Trog (D:6)
  3 dream sheep (D:9)
  A shadow (D:8)
  7 yaks
  A steam dragon (D:8)
  Menkaure (D:4)
  A water moccasin (D:8)
  4 orc warriors
  2 black bears
  3 ice beasts (D:6)
  2 ogres
  A phantom (D:5)
  A kobold brigand (D:9)
  A gnoll sergeant (D:9)
  2 bullfrogs (D:6)
  A scorpion (D:6)
  10 wights
  4 killer bees (D:8)
  A howler monkey (D:8)
  2 jellies (D:5)
  5 orc priests
  2 gnoll boudas
  A hound (D:7)
  5 iguanas
  2 sleepcaps
  3 orc wizards
  Robin (D:3)
  11 gnolls
  11 adders
  2 ufetubi (D:5)
  An orc zombie (Orc:1)
  2 ribbon worms (D:3)
  A dart slug (D:2)
  15 orcs
  4 bats
  6 endoplasms
  4 giant cockroaches
  17 goblins
  8 hobgoblins
  10 kobolds
  4 quokkas
  9 ball pythons
  5 frilled lizards
  A kobold (shapeshifter) (D:1)
179 creatures vanquished.

Vanquished Creatures (collateral kills)
  A two-headed ogre (D:9)
  A troll (D:9)
  Grinder (D:3)
  A dream sheep (D:9)
  A yak (D:9)
  An orc warrior (Orc:1)
  An ice beast (D:6)
  A centaur (D:8)
  A gnoll sergeant (D:9)
  A wight (D:8)
  2 howler monkeys (D:8)
  A gnoll bouda (D:9)
  2 orc wizards
  4 gnolls (D:9)
  2 orcs
  4 kobolds
  A rat (D:6)
  A butterfly (D:8)
27 creatures vanquished.

Vanquished Creatures (others)
  A troll (Orc:1)
  An orc warrior (Orc:1)
  A dream sheep zombie (D:9)
  An ogre (Orc:1)
  A wight (D:5)
  A black bear zombie (D:8)
  An orc priest (Orc:1)
  4 killer bee zombies (D:8)
  3 gnoll zombies (D:9)
  An adder zombie (D:6)
  6 orc zombies
  2 orcs (Orc:1)
  5 kobold zombies (D:9)
28 creatures vanquished.

Grand Total: 234 creatures vanquished

Notes
Turn   | Place    | Note
-------+----------+-------------------------------------------
     0 | D:1      | sdynet the Demonspawn Chaos Knight began the quest for the
                  | Orb.
     0 | D:1      | Reached XP level 1. HP: 18/18 MP: 1/1
    33 | D:1      | XOM: silly message
    84 | D:1      | XOM: give mutation
    84 | D:1      | Gained mutation: Your system is resistant to poisons.
                  | (rPois) [Xom's mischief]
   144 | D:1      | Gained mutation: You are faintly shadowed, very rarely
                  | releasing foul flame when damaged in melee. [demonic
                  | ancestry]
   144 | D:1      | Reached XP level 2. HP: 24/24 MP: 2/2
   190 | D:1      | Found a faded altar of an unknown god.
   295 | D:1      | XOM: 2-stop teleportation journey
   325 | D:1      | a kobold changed into a shapeshifter
   325 | D:1      | Noticed a shapeshifter (shapeshifter)
   325 | D:1      | XOM: polymorph kobold -> shapeshifter
   325 | D:1      | a shapeshifter changed into a kobold
   977 | D:2      | XOM: smoke on damage
  1025 | D:2      | XOM: god gift: book of Death
  1071 | D:2      | Gained mutation: You have large cloven feet. [demonic
                  | ancestry]
  1071 | D:2      | Reached XP level 3. HP: 29/29 MP: 3/3
  1155 | D:2      | Reached skill level 1 in Stealth
  1188 | D:2      | XOM: god gift: +1 pair of gloves of hurling
  1218 | D:2      | Reached skill level 1 in Throwing
  1357 | D:2      | XOM: 5-stop teleportation journey
  1476 | D:2      | Reached skill level 1 in Shapeshifting
  1695 | D:3      | Gained mutation: You may rarely emit foul miasma when
                  | damaged in melee. [demonic ancestry]
  1695 | D:3      | Reached XP level 4. HP: 34/37 MP: 4/4
  1851 | D:3      | XOM: give mutation
  1851 | D:3      | Gained mutation: You are resistant to electric shocks.
                  | (rElec) [Xom's grace]
  1854 | D:3      | Noticed Robin
  1869 | D:3      | Killed Robin
  1954 | D:3      | XOM: cloud trail
  2165 | D:3      | Noticed Grinder
  2165 | D:3      | XOM: summons friendly ufetubus
  2174 | D:3      | Paralysed by Grinder for 4 turns
  2223 | D:3      | XOM: 2-stop teleportation journey
  2269 | D:3      | XOM: scenery: create altars
  2276 | D:3      | XOM: cast spell 'Summon Mana Viper'
  2280 | D:3      | Killed Grinder
  2281 | D:3      | Reached skill level 5 in Fighting
  2281 | D:3      | Reached XP level 5. HP: 24/46 MP: 5/5
  2281 | D:3      | Gained mutation: Your movements are slightly less
                  | encumbered by armour. (ER -2) [demonic ancestry]
  2281 | D:3      | Reached XP level 6. HP: 27/52 MP: 6/6
  2722 | D:4      | Found Setipniu's Antique Armour Boutique.
  2722 | D:4      | Found Guzxuryu's Assorted Antiques.
  2725 | D:4      | Found Liwkeedd's Armour Boutique.
  2728 | D:4      | Found Miuvo's Distillery.
  2733 | D:4      | Noticed Menkaure
  2746 | D:4      | Killed Menkaure
  2747 | D:4      | Reached skill level 1 in Spellcasting
  2747 | D:4      | Reached skill level 1 in Necromancy
  2752 | D:4      | Learned a level 4 spell: Animate Dead
  2755 | D:4      | Bought a potion of haste for 100 gold pieces
  2755 | D:4      | Bought a potion of attraction for 30 gold pieces
  3212 | D:4      | XOM: 1-stop teleportation journey
  3338 | D:4      | XOM: cloud trail
  3340 | D:4      | XOM: polymorph orc -> quokka
  3770 | D:5      | Entered Level 5 of the Dungeon
  3795 | D:5      | XOM: god gift: scroll labelled KIALISH NOQY {god gift}
  3801 | D:5      | Identified a scroll of acquirement
  3808 | D:5      | Reached XP level 7. HP: 30/58 MP: 10/10
  3903 | D:4      | Acquired a +2 demon blade of electrocution
  3930 | D:5      | XOM: cloud trail
  4112 | D:5      | Reached XP level 8. HP: 57/64 MP: 12/14
  4112 | D:5      | XOM: divine lightning
  4113 | D:5      | Reached skill level 5 in Necromancy
  4374 | D:5      | Found a staircase to the Ecumenical Temple.
  4380 | Temple   | Entered the Ecumenical Temple
  4394 | D:5      | XOM: scenery: create altars
  4422 | D:5      | XOM: cloud trail
  4818 | D:6      | Identified the +3 robe of Elyvilon's Esteem {rPois}
  4848 | D:6      | Reached skill level 5 in Spellcasting
  4957 | D:6      | Identified the +3 leather armour of Ennui {Harm rC+}
  4975 | D:6      | Found a runed translucent door.
  4979 | D:6      | Noticed Mumonspawn's ghost (novice DrBe)
  5014 | D:6      | Killed Mumonspawn's ghost
  5015 | D:6      | Gained mutation: Your movements are less encumbered by
                  | armour. (ER -4) [demonic ancestry]
  5015 | D:6      | Reached XP level 9. HP: 14/69 MP: 16/18
  5019 | D:6      | Found a runed translucent door.
  5023 | D:6      | XOM: 2-stop teleportation journey
  5037 | D:6      | XOM: destruction
  5314 | D:6      | XOM: 3-stop teleportation journey
  5890 | D:7      | XOM: give mutations
  5890 | D:7      | Gained mutation: You are agile. (Dex +4, Str/Int -1) [Xom's
                  | grace]
  5890 | D:7      | Gained mutation: Your flesh is cold resistant. (rC+) [Xom's
                  | grace]
  6008 | D:7      | XOM: give mutation
  6008 | D:7      | Gained mutation: You have a pair of small horns on your
                  | head. [Xom's grace]
  6120 | D:7      | XOM: 2-stop teleportation journey
  6652 | D:8      | XOM: summons 2 friendly demons
  6893 | D:8      | XOM: potion effect (haste)
  6899 | D:8      | XOM: potion effect (curing)
  6907 | D:8      | Reached skill level 1 in Dodging
  6911 | D:8      | XOM: silly message
  7094 | D:8      | XOM: potion effect (haste)
  7102 | D:8      | Reached XP level 10. HP: 63/76 MP: 23/23
  7260 | D:8      | Found a shimmering altar of Xom.
  7487 | D:6      | XOM: silly message
  7534 | D:4      | Bought a pair of shimmering boots for 209 gold pieces
  7534 | D:4      | Identified the +1 pair of boots "Iggekle" {rElec rF+} (You
                  | bought it in a shop on level 4 of the Dungeon)
  7539 | D:4      | Bought a dazzling ring mail for 198 gold pieces
  7539 | D:4      | Identified the +2 ring mail "Hauth" {rC- Int+3 Stlth+} (You
                  | bought it in a shop on level 4 of the Dungeon)
  7546 | D:4      | Bought a metallic puce potion for 20 gold pieces
  7552 | D:3      | XOM: summons 4 hostile shadow creatures
  7793 | D:8      | XOM: give mutations
  7793 | D:8      | Gained mutation: Your mind is acute. (Int +4, Str/Dex -1)
                  | [Xom's mischief]
  7793 | D:8      | Lost mutation: You are agile. (Dex +4, Str/Int -1) [Xom's
                  | mischief]
  7804 | D:8      | XOM: summons 2 hostile shadow creatures
  7807 | D:8      | XOM: polymorph steam dragon -> shapeshifter
  7820 | D:8      | XOM: torment (36/76 hp)
  7834 | D:8      | Reached skill level 5 in Long Blades
  8058 | D:8      | XOM: give mutations
  8058 | D:8      | Gained mutation: Your muscles are strong. (Str +4, Int/Dex
                  | -1) [Xom's mischief]
  8058 | D:8      | Gained mutation: You have hoof-like feet. [Xom's mischief]
  8058 | D:8      | Gained mutation: Your spells are a little harder to cast,
                  | but a little more powerful. [Xom's mischief]
  8058 | D:8      | Gained mutation: You are frail. (-10% HP) [Xom's mischief]
  8499 | D:9      | XOM: 2-stop teleportation journey
  8503 | D:9      | XOM: butterfly on damage
  8706 | D:9      | Noticed a two-headed ogre
  8708 | D:9      | XOM: cast spell 'Summon Small Mammal'
  8713 | D:9      | Killed a two-headed ogre
  9009 | D:9      | XOM: god gift: staff of earth
  9299 | D:9      | Found a staircase to the Orcish Mines.
  9358 | D:9      | XOM: summons 1 hostile demon
  9490 | Orc:1    | Entered Level 1 of the Orcish Mines
  9490 | Orc:1    | Found Ruotoad's Weapon Shop.
  9507 | Orc:1    | Lost mutation: Your mind is acute. (Int +4, Str/Dex -1)
                  | [potion of mutation]
  9507 | Orc:1    | Lost mutation: Your spells are a little harder to cast, but
                  | a little more powerful. [potion of mutation]
  9507 | Orc:1    | Lost mutation: You have hoof-like feet. [potion of
                  | mutation]
  9507 | Orc:1    | Gained mutation: You passively map a small area around you.
                  | [potion of mutation]
  9507 | Orc:1    | Gained mutation: You have hidden genetic potential. [potion
                  | of mutation]
  9507 | Orc:1    | XOM: blink monster(s)
  9510 | Orc:1    | HP: 4/102 [orc warrior/+0 war axe (7)]
  9514 | Orc:1    | Noticed Maurice
  9523 | Orc:1    | HP: 5/102 [disintegration (17)]
  9524 | Orc:1    | Slain by an orc warrior

Illustrated notes

Levels and vault maps discovered:
D:1:      nicolae_arrival_somewhat_less_tricky_arrival, layout_basic,
          hellmonk_ecumenical_altar_pennies_from_heaven, minivault_26,
          dreamdust_princess_bridge
D:2:      layout_loops_ring
D:3:      layout_basic, mainiacjoe_overflow_small_starburst, uniq_grinder,
          uniq_robin
D:4:      layout_basic, minmay_shop_grid_forest, uniq_menkaure
D:5:      layout_basic, minmay_temple_entry_hall
D:6:      layout_basic, ebering_ghost_sewer_f
D:7:      layout_gridville
D:8:      layout_basic, xom_butterflies, dk_noncrumbling_3
D:9:      layout_basic, orc_0_dummy, dreamdust_gnoll_shepherd
Temple:   nicolae_temple_bog_church
Orc:1:    hellmonk_paralyzer, layout_caves, serial_shops, nicolae_shop_stone,
          uniq_maurice

Skill      XL: |  1  2  3  4  5  6  7  8  9 10 |
---------------+-------------------------------+-----
Long Blades    | 3 9 |  9.0
Stealth        | 1 |  1.0
Throwing       | 1 |  1.0
Shapeshifting  | 1 2 |  2.0
Fighting       | 5 6 |  6.0
Spellcasting   | 2 4 6 9 |  9.0
Necromancy     | 2 4 7 9 |  9.0
Dodging        | 1 |  1.0
Armour         | 2 |  2.0

Action                     |  1- 3 |  4- 6 |  7- 9 | 10-12 || total
---------------------------+-------+-------+-------+-------++-------
  Melee: Falchion          |    81 |   124 |       |       ||   205
         Kick              |     7 |    32 |    59 |     2 ||   100
         Demon blade       |       |       |   189 |   122 ||   311
         Headbutt          |       |       |    10 |    29 ||    39
  Throw: Dart              |     6 |     4 |    23 |     9 ||    42
   Cast: Animate Dead      |       |       |     5 |     5 ||    10
  Evoke: Wand              |       |       |       |     9 ||     9
    Use: Scroll            |       |    10 |     9 |     4 ||    23
         Potion            |       |     5 |     4 |    11 ||    20
   Stab: Sleeping          |     2 |     5 |     1 |       ||     8
         Petrified         |       |     1 |       |       ||     1
         Distracted        |       |       |     2 |       ||     2
         Invisible         |       |       |       |     4 ||     4
 Armour: Leather armour    |    41 |    65 |    61 |       ||   167
         Robe              |       |       |    62 |    85 ||   147
         Skin              |       |       |       |    57 ||    57
  Dodge: Dodged            |    58 |    67 |   171 |   104 ||   400
   Form: Beast             |     1 |       |       |       ||     1
                           |       |       |     1 |       ||     1

Table legend: (Time is in decaauts)
 A = Elapsed time spent in this place.
 B = Non-inter-level travel time spent in this place.
 C = Inter-level travel time spent in this place.
 D = Time resting spent in this place.
 E = Time spent auto-exploring this place.
 F = Levels seen in this place.
 G = Mean time per level.
                   A        B        C        D        E       F      G
               +--------+--------+--------+--------+--------+-----+--------+
         Total |   9518 |   8633 |    885 |      0 |   6636 |  11 |  865.3 |
       Dungeon |   9484 |   8599 |    885 |      0 |   6636 |   9 | 1053.8 |
        Temple |      1 |      1 |      0 |      0 |      0 |   1 |    1.0 |
  Orcish Mines |     32 |     32 |      0 |      0 |      0 |   1 |   32.0 |
               +--------+--------+--------+--------+--------+-----+--------+

Top non-repeatable levels by time:
     D:8: 1407 daAuts
     D:9: 1246 daAuts
     D:4: 1234 daAuts
     D:3: 1144 daAuts
     D:6: 1079 daAuts
     D:1: 897 daAuts
     D:5: 855 daAuts
     D:7: 851 daAuts
     D:2: 768 daAuts
   Orc:1: 32 daAuts
  Temple: 1 daAuts
